 Dungeon Crawl Stone Soup version 0.27-a0-1278-g6cbc8dfb29 (webtiles) character file.

Game seed: 15815262777125656909

287 Wyvernaa the Shield-Bearer (level 6, -1/38 HPs)
             Began as a Gargoyle Fighter on June 12, 2021.
             Was an Initiate of Qazlal.
             Slain by an iguana (9 damage)
             ... on level 5 of the Dungeon.
             The game lasted 00:08:43 (5233 turns).

Wyvernaa the Shield-Bearer (Gargoyle Fighter)       Turns: 5233, Time: 00:08:44

Health: -1/38      AC: 11    Str: 20    XL:     6   Next: 30%
Magic:  6/6        EV:  7    Int:  9    God:    Qazlal [......]
Gold:   263        SH:  9    Dex: 10    Spells: 5/5 levels left

rFire    . . .     SeeInvis .   t - +2 flail (holy)
rCold    . . .     Faith    .   c - +0 kite shield
rNeg     + . .     Spirit   .   b - +0 scale mail
rPois    ∞         Reflect  .   (no helmet)
rElec    +         Harm     .   (no cloak)
rCorr    .         Rampage  .   (no gloves)
Will     +....                  (no boots)
Stlth    ..........             (no amulet)
HPRegen  0.12/turn              m - ring of willpower
MPRegen  0.10/turn              (no ring)

@: no status effects
A: sickness immunity, AC +4, negative energy resistance 1, electricity
resistance, torment resistance 1, petrification resistance
a: Renounce Religion


You were on level 5 of the Dungeon.
You worshipped Qazlal.
Qazlal was noncommittal.
You visited 2 branches of the dungeon, and saw 6 of its levels.

You collected 263 gold pieces.

Inventory:

Hand Weapons
 t - a +2 flail of holy wrath (weapon)
Armour
 b - a +0 scale mail (worn)
 c - a +0 kite shield (worn)
Jewellery
 m - a ring of willpower (left hand)
Scrolls
 a - a scroll of blinking {unknown}
 e - a scroll of vulnerability
 f - a scroll of fog
 k - a scroll of magic mapping
 q - a scroll of silence
 r - a scroll of immolation {unknown}
 s - a scroll of enchant weapon {unknown}
Potions
 d - 3 potions of might
 g - a potion of berserk rage {unknown}
 h - 2 potions of curing {unknown}
 i - a potion of brilliance {unknown}
 j - a potion of mutation {unknown}
 l - a potion of flight {unknown}
 n - a potion of haste {unknown}
 o - 2 potions of degeneration {unknown}
 p - a potion of attraction {unknown}


   Skills:
 + Level 3.6 Fighting
 * Level 4.7 Maces & Flails
 + Level 3.8 Armour
 + Level 0.8 Dodging
 + Level 0.2 Stealth
 * Level 4.9 Shields
 * Level 0.1 Invocations


You had 5 spell levels left.
You didn't know any spells.
Your spell library contained the following spells:

 Spells                   Type           Power      Damage    Failure   Level
 Beastly Appendage        Tmut           0%         N/A       99%         1
 Wereblood                Tmut           0%         N/A       99%         2
 Spider Form              Tmut/Pois      0%         N/A       100%        3
 Ice Form                 Ice/Tmut       0%         N/A       100%        4


Dungeon Overview and Level Annotations

Branches:
Dungeon (5/15)             Temple (1/1) D:4

Altars:
Ashenzari
Dithmenos
Elyvilon
Fedhas
Hepliaklqana
Makhleb
Nemelex Xobeh
Okawaru
Qazlal
Ru
Trog
Uskayaw
Xom
Yredelemnul

Shops:
D:2 :

Annotations:
D:2 1 runed translucent door, Crazy Yiuf
D:3 3 runed translucent doors, Dvallin's ghost, amateur FoFi


Innate Abilities, Weirdness & Mutations

You are immune to sickness and miasma.
Your stone body is resilient. (AC +4)
You are immune to poison.
You resist negative energy. (rN+)
You are resistant to electric shocks. (rElec)
You are resistant to unholy torment.
You are immune to petrification.


Message History

The iguana completely misses you. The iguana bites you.
You are too injured to fight recklessly!
You are too injured to fight recklessly!
You are too injured to fight recklessly!
You are too injured to fight recklessly!
Your shield and scale mail prevent you from hitting the iguana.
The iguana is heavily wounded.
The iguana completely misses you.
You hit the iguana but do no damage.
The iguana is heavily wounded.
You block the iguana's attack.
You barely miss the iguana.
The iguana is heavily wounded.
The iguana bites you.
The iguana bites you but does no damage.
Your shield and scale mail prevent you from hitting the iguana.
The iguana is moderately wounded.
The iguana bites you.
* * * LOW HITPOINT WARNING * * *
You hit the iguana.
The iguana is heavily wounded.
You block the iguana's attack. x2
You closely miss the iguana.
The iguana is heavily wounded.
The iguana bites you but does no damage.
You closely miss the iguana.
The iguana is heavily wounded.
You block the iguana's attack.
You barely miss the iguana.
The iguana is heavily wounded.
You block the iguana's attack. The iguana bites you.
* * * LOW HITPOINT WARNING * * *
You closely miss the iguana.
The iguana is heavily wounded.
You block the iguana's attack.
You barely miss the iguana.
The iguana is heavily wounded.
The iguana bites you but does no damage.
The iguana bites you!
You die...

#.......# #.#.......#
#.#.......# #.#........
#.#........
#######.#........
..........l.....#
........@......#
###..........##
##############....$.....
.....................(..
........................
.....#######......####..
.......## #..##### .
........## ...#
.........##..##


You could see an iguana.

Vanquished Creatures
  2 hounds (D:5)
  An orc priest (D:4)
  An orc wizard (D:4)
  A hound skeleton (D:4)
  A gnoll (D:4)
  6 adders
  An adder skeleton (D:4)
  A worm (D:2)
  A dart slug (D:4)
  4 orcs (D:4)
  4 ball pythons
  7 endoplasms
  5 giant cockroaches
  7 goblins
  11 hobgoblins
  9 jackals
  8 kobolds
  3 quokkas
  4 bats (D:1)
  6 frilled lizards
  3 rats
86 creatures vanquished.

Vanquished Creatures (others)
  3 fungi
  10 plants
13 creatures vanquished.

Grand Total: 99 creatures vanquished

Notes
Turn   | Place    | Note
-------+----------+-------------------------------------------
     0 | D:1      | Wyvernaa the Gargoyle Fighter began the quest for the Orb.
     0 | D:1      | Reached XP level 1. HP: 14/14 MP: 1/1
   419 | D:1      | Reached XP level 2. HP: 17/19 MP: 2/2
   803 | D:1      | Reached XP level 3. HP: 16/23 MP: 3/3
  1049 | D:1      | Found a faded altar of an unknown god.
  1377 | D:2      | Found Tepyq's Book Shoppe.
  1656 | D:2      | Reached XP level 4. HP: 28/28 MP: 4/4
  2115 | D:2      | Found a runed translucent door.
  2116 | D:2      | Noticed Crazy Yiuf
  2623 | D:3      | Found a runed translucent gate.
  2632 | D:3      | Found a runed translucent gate.
  2632 | D:3      | Noticed a kobold brigand
  2634 | D:3      | Found a runed translucent gate.
  2707 | D:3      | Noticed Dvallin's ghost (amateur FoFi)
  2903 | D:3      | Reached XP level 5. HP: 32/32 MP: 5/5
  3918 | D:5      | Entered Level 5 of the Dungeon
  4110 | D:4      | Reached XP level 6. HP: 14/38 MP: 6/6
  4461 | D:4      | Found a staircase to the Ecumenical Temple.
  4515 | Temple   | Entered the Ecumenical Temple
  4563 | Temple   | Became a worshipper of Qazlal Stormbringer
  5233 | D:5      | Slain by an iguana

Illustrated notes

Levels and vault maps discovered:
D:1:      dpeg_arrival_long_road, layout_rooms, serial_aquarium,
          aquarium_bridge_island_small [aquarium_subvault_small_water,
          aquarium_subvault_bridge, aquarium_subvault_bridge,
          aquarium_subvault_bridge, aquarium_subvault_wall],
          aquarium_bridge_long_separate [aquarium_subvault_bridge,
          aquarium_subvault_bridge, aquarium_subvault_bridge,
          aquarium_subvault_bridge, aquarium_subvault_window,
          aquarium_subvault_bridge], aquarium_window_2, aquarium_window_2,
          aquarium_view_2e, shapermc_ecumenical_altar_mp_vishouse
D:2:      minmay_spotlight, layout_loops_ring, serial_shops,
          nicolae_shop_temple_entry_statues_fountains,
          chequers_serial_rivers_large_b, uniq_crazy_yiuf_cottage
D:3:      layout_loops_cross, gammafunk_ghost_nasty_kobolds
D:4:      layout_basic, minmay_temple_entry_overgrown
D:5:      layout_cave_pods, small_statue_intersection, nicolae_zen_rock_garden,
          minivault_5, kennysheep_generic_room_15, uniq_duvessa, uniq_edmund
Temple:   regret_index_temple_chain_breaker

Skill      XL: |  1  2  3  4  5 |
---------------+----------------+-----
Maces & Flails | 3 4 |  4.7
Shields        | 4 |  4.9
Fighting       | |  3.6
Armour         | |  3.8
Dodging        | |  0.8
Stealth        | |  0.2
Invocations    | |  0.1

Action                   |  1- 3 |  4- 6 || total
-------------------------+-------+-------++-------
Melee: Flail             |   110 |   249 ||   359
  Use: Scroll            |     1 |     6 ||     7
Armor: Scale mail        |    65 |   142 ||   207
Dodge: Dodged            |    56 |    80 ||   136
Block: Kite shield       |    54 |   151 ||   205

Table legend: (Time is in decaauts)
 A = Elapsed time spent in this place.
 B = Non-inter-level travel time spent in this place.
 C = Inter-level travel time spent in this place.
 D = Time resting spent in this place.
 E = Time spent auto-exploring this place.
 F = Levels seen in this place.
 G = Mean time per level.
                   A        B        C        D        E       F      G
               +--------+--------+--------+--------+--------+-----+--------+
         Total |   5420 |   5309 |    111 |   1555 |   2483 |   6 |  903.3 |
       Dungeon |   5355 |   5260 |     95 |   1555 |   2447 |   5 | 1071.0 |
        Temple |     64 |     48 |     16 |      0 |     36 |   1 |   64.0 |
               +--------+--------+--------+--------+--------+-----+--------+

Top non-repeatable levels by time:
     D:4: 1910 daAuts
     D:1: 1339 daAuts
     D:2: 1120 daAuts
     D:3: 816 daAuts
     D:5: 168 daAuts
  Temple: 64 daAuts
